 Dungeon Crawl Stone Soup version 0.28-a0-793-g31680bbd8b (webtiles) character file.

Game seed: 3571536508173833358

1666 bande the Chopper (level 9, -7/55 HPs)
             Began as a Gargoyle Fighter on Nov 4, 2021.
             Was an Initiate of Okawaru.
             Mangled by a komodo dragon (14 damage)
             ... on level 6 of the Dungeon.
             The game lasted 00:13:35 (6885 turns).

bande the Chopper (Gargoyle Fighter)                Turns: 6885, Time: 00:13:36

Health: -7/55      AC: 14    Str: 22    XL:     9   Next: 1%
Magic:  10/10      EV:  9    Int:  8    God:    Okawaru [......]
Gold:   431        SH:  6    Dex: 23    Spells: 8/8 levels left

rFire   . . .      SeeInvis .   e - +2 broad axe (elec)
rCold   . . .      Faith    .   c - +0 buckler
rNeg    + . .      Spirit   .   b - +0 scale mail
rPois   ∞          Reflect  .   (no helmet)
rElec   +          Harm     .   (no cloak)
rCorr   .          Rampage  .   (no gloves)
Will    .....                   (no boots)
Stlth   +.........              (no amulet)
HPRegen 0.18/turn               v - +6 ring of dexterity
MPRegen 0.12/turn               p - +6 ring of dexterity

@: no status effects
A: sickness immunity, AC +6, negative energy resistance 1, electricity
resistance, torment resistance 1, petrification resistance
a: Renounce Religion


You were on level 6 of the Dungeon.
You worshipped Okawaru.
Okawaru was noncommittal.
You visited 2 branches of the dungeon, and saw 7 of its levels.

You collected 431 gold pieces.

Inventory:

Hand Weapons
 a - a +1 war axe
 e - a +2 broad axe of electrocution (weapon)
 k - a +2 morningstar of freezing
Missiles
 o - 2 throwing nets (quivered)
Armour
 b - a +0 scale mail (worn)
 c - a +0 buckler (worn)
Jewellery
 f - a ring of protection from fire
 g - a ring of fire
 h - a ring of protection from cold
 j - a +6 ring of strength
 m - a ring of fire
 p - a +6 ring of dexterity (right hand)
 v - a +6 ring of dexterity (left hand)
Wands
 s - a wand of paralysis (8)
Scrolls
 l - a scroll of holy word
 q - 2 scrolls of teleportation
 r - a scroll of enchant weapon
 t - 3 scrolls of identify
 u - 2 scrolls of blinking
Potions
 d - a potion of might
 i - a potion of haste


   Skills:
 + Level 5.7 Fighting
 + Level 7.4 Axes
 + Level 5.9 Armour
 - Level 0.5 Stealth
 + Level 4.6 Shields
 * Level 1.7 Invocations
 * Level 2.4 Evocations


You had 8 spell levels left.
You didn't know any spells.
Your spell library contained the following spells:

 Spells                   Type           Power      Damage    Failure   Level
 Freeze                   Ice            0%         1d3       71%         1
 Magic Dart               Conj           0%         1d3       71%         1
 Slow                     Hex            0%         N/A       71%         1
 Searing Ray              Conj           0%         2d4       85%         2
 Confusing Touch          Hex            0%         N/A       97%         3
 Frozen Ramparts          Ice            0%         1d2       97%         3
 Fulminant Prism          Conj/Hex       0%         3d6       100%        4
 Hailstorm                Conj/Ice       0%         3d3       100%        4
 Yara's Violent Unravell  Hex/Tmut       0%         3d3       100%        5


Dungeon Overview and Level Annotations

Branches:
Dungeon (6/15)             Temple (1/1) D:5

Altars:
Cheibriados
Dithmenos
Gozag
Makhleb
Okawaru
Ru
Sif Muna
Xom

Shops:
D:4 (


Innate Abilities, Weirdness & Mutations

You are immune to sickness and miasma.
Your stone body is resilient. (AC +6)
You are immune to poison.
You resist negative energy. (rN+)
You are resistant to electric shocks. (rElec)
You are resistant to unholy torment.
You are immune to petrification.


Message History

You barely miss the orc.
A jelly comes into view.
You closely miss the orc.
The jelly quivers.
You hit the water moccasin skeleton.
You destroy the water moccasin skeleton!
Okawaru accepts your kill. The orc hits you but does no damage.
A komodo dragon comes into view.
The orc misses you.
You have reached level 9!
Your experience leads to an increase in your attributes!
Your base attributes are Str 22, Int 8, Dex 10.
Increase (S)trength, (I)ntelligence, or (D)exterity?
You feel agile.
Unknown command.
You slash the orc!
You kill the orc!
Okawaru accepts your kill.
Unknown command.
Things that are here:
a +0 dagger; 20 stones Unknown command.
You slash the komodo dragon!
The komodo dragon is moderately wounded.
The komodo dragon bites you but does no damage.
The komodo dragon bites you!! The jelly closely misses you.
Unknown command.
You hit the jelly.
Your hands burn!
The jelly is lightly wounded.
You hit the komodo dragon but do no damage.
The komodo dragon bites you!
* * * LOW HITPOINT WARNING * * *
The jelly jiggles.
The jelly hits you but does no damage.
You slash the jelly!
Your hands burn!
* * * LOW HITPOINT WARNING * * *
The jelly is almost dead.
You hit the komodo dragon. The komodo dragon bites you!
You die...

#...##.....
###.......... #
............#
.#........##..#
(.............
#......#....
#.........##.
#..###l).../......
#....@..........
#.#..J..........
#................
...###.##.###......
.# #....##.....# ###
##...#.#.....###..##
......##......##..<.#
......##.....>.....#
..............#...###


You could see a komodo dragon and a jelly.

Vanquished Creatures
  A water moccasin (D:6)
  A black bear (D:5)
  A sky beast (D:5)
  An ogre (D:5)
  A centaur (D:5)
  A phantom (D:3)
  A kobold brigand (D:3)
  A bullfrog (D:3)
  3 scorpions
  2 water moccasin skeletons
  A crimson imp (D:3)
  2 bullfrog zombies
  A jelly (D:6)
  A bullfrog skeleton (D:5)
  An orc priest (D:3)
  4 iguanas
  5 orc wizards
  Natasha (D:2)
  A hound skeleton (D:4)
  5 gnolls
  10 adders
  An ufetubus (D:6)
  3 worms (D:2)
  A dart slug (D:3)
  11 orcs
  4 bats
  10 endoplasms
  A giant cockroach (D:2)
  6 goblins
  10 hobgoblins
  6 quokkas
  10 ball pythons
  3 frilled lizards
  47 kobolds
  5 rats
163 creatures vanquished.

Notes
Turn   | Place    | Note
-------+----------+-------------------------------------------
     0 | D:1      | bande the Gargoyle Fighter began the quest for the Orb.
     0 | D:1      | Reached XP level 1. HP: 14/14 MP: 1/1
   326 | D:1      | Reached XP level 2. HP: 19/19 MP: 2/2
   452 | D:1      | Reached skill level 2 in Axes
   970 | D:1      | Reached XP level 3. HP: 23/23 MP: 3/3
  1955 | D:2      | Reached XP level 4. HP: 12/29 MP: 4/4
  2733 | D:2      | Noticed Natasha
  2735 | D:2      | Found a faded altar of an unknown god.
  2742 | D:2      | Killed Natasha
  2743 | D:2      | Reached skill level 3 in Axes
  3024 | D:2      | Reached XP level 5. HP: 33/33 MP: 5/5
  3205 | D:3      | Found a shadowy altar of Dithmenos.
  3286 | D:3      | Identified a scroll of acquirement
  3286 | D:3      | Acquired a +2 broad axe of electrocution
  3558 | D:3      | Found a burning altar of Makhleb.
  3565 | D:3      | Reached skill level 4 in Axes
  3565 | D:3      | Reached XP level 6. HP: 37/38 MP: 4/6
  3680 | D:3      | Found a shimmering altar of Xom.
  4144 | D:3      | Reached XP level 7. HP: 44/44 MP: 7/7
  4164 | D:3      | Reached skill level 5 in Axes
  4901 | D:3      | Reached skill level 5 in Armour
  5336 | D:4      | Found Nuts's Weapon Shoppe.
  5801 | D:5      | Entered Level 5 of the Dungeon
  5826 | D:5      | Reached skill level 5 in Fighting
  5826 | D:5      | Reached skill level 6 in Axes
  5871 | D:5      | Reached XP level 8. HP: 49/49 MP: 8/8
  5899 | D:5      | Reached skill level 1 in Evocations
  6359 | D:5      | Paralysed by something for 7 turns
  6534 | D:5      | Found a staircase to the Ecumenical Temple.
  6547 | Temple   | Entered the Ecumenical Temple
  6553 | Temple   | Became a worshipper of Warmaster Okawaru
  6581 | D:5      | Reached skill level 7 in Axes
  6846 | D:6      | Reached skill level 1 in Invocations
  6879 | D:6      | Noticed a komodo dragon
  6880 | D:6      | Reached XP level 9. HP: 48/55 MP: 10/10
  6885 | D:6      | Mangled by a komodo dragon

Illustrated notes

Levels and vault maps discovered:
D:1:      dpeg_arrival_rooms_with_view, layout_basic
D:2:      layout_basic, dreamdust_ecumenical_altar_statues,
          minmay_misc_feat_five, uniq_natasha
D:3:      minmay_goblin_kobold_castle, layout_rooms,
          grunt_temple_overflow_champion_of_chaos, overflow_temple_1_default
D:4:      layout_basic, serial_shops, shop
D:5:      layout_cave_pools, minmay_temple_entry_slanted
D:6:      kennysheep_big_flooded_room, layout_cave_pools, minmay_starry_boxes
Temple:   eino_temple_rhombus

Skill      XL: |  1  2  3  4  5  6  7  8 |
---------------+-------------------------+-----
Axes           | 2 3 4 6 7 |  7.4
Armour         | 4 5 |  5.9
Fighting       | 4 5 |  5.7
Shields        | 4 |  4.6
Evocations     | 2 |  2.4
Invocations    | 1 |  1.7
Stealth        | |  0.5

Action                   |  1- 3 |  4- 6 |  7- 9 || total
-------------------------+-------+-------+-------++-------
Melee: War axe           |    96 |    45 |       ||   141
       Broad axe         |       |    88 |   158 ||   246
  Use: Scroll            |       |     6 |     4 ||    10
Armor: Scale mail        |    64 |    95 |   122 ||   281
Dodge: Dodged            |    38 |    73 |    97 ||   208
Block: Buckler           |    15 |    35 |    44 ||    94

Table legend: (Time is in decaauts)
 A = Elapsed time spent in this place.
 B = Non-inter-level travel time spent in this place.
 C = Inter-level travel time spent in this place.
 D = Time resting spent in this place.
 E = Time spent auto-exploring this place.
 F = Levels seen in this place.
 G = Mean time per level.
                   A        B        C        D        E       F      G
               +--------+--------+--------+--------+--------+-----+--------+
         Total |   7033 |   6995 |     38 |   1626 |   3856 |   7 | 1004.7 |
       Dungeon |   7021 |   6983 |     38 |   1626 |   3856 |   6 | 1170.2 |
        Temple |     12 |     12 |      0 |      0 |      0 |   1 |   12.0 |
               +--------+--------+--------+--------+--------+-----+--------+

Top non-repeatable levels by time:
     D:3: 1923 daAuts
     D:2: 1706 daAuts
     D:1: 1705 daAuts
     D:5: 833 daAuts
     D:4: 765 daAuts
     D:6: 85 daAuts
  Temple: 12 daAuts
